 Dungeon Crawl Stone Soup version 0.20.1-1-g8b1a95d (webtiles) character file.

4659 Mitsuki the Fighter (level 10, -3/93 HPs)
             Began as a Hill Orc Fighter on Oct 5, 2017.
             Was an Initiate of Okawaru.
             Slain by Mitsuki's ghost (13 damage)
             ... on level 8 of the Dungeon.
             The game lasted 00:21:06 (7382 turns).

Mitsuki the Fighter (Hill Orc Fighter)              Turns: 7382, Time: 00:21:07

Health: -3/93      AC: 20    Str: 23    XL:     10   Next: 43%
Magic:  14/14      EV: 10    Int:  8    God:    Okawaru [......]
Gold:   220        SH:  0    Dex:  8    Spells: 9/9 levels left

rFire    . . .     SeeInvis +   a - +1 trident
rCold    + + .     Gourm    .   c - +0 shield
rNeg     . . .     Faith    .   s - +7 chain mail "Fure" {rC+}
rPois    .         Spirit   .   (no helmet)
rElec    .         Reflect  .   (no cloak)
rCorr    .         Harm     .   (no gloves)
MR       .....                  (no boots)
Stlth    ..........             z - amulet of regeneration
Regen    0.7/turn               E - ring of see invisible
MPRegen  0.2/turn               n - ring of protection from cold

@: confused, heroism
A: rugged brown scales 1, clumsy 1, sense surroundings 1
a: Renounce Religion


You were on level 8 of the Dungeon.
You worshipped Okawaru.
Okawaru was noncommittal.
You were not hungry.

You visited 2 branches of the dungeon, and saw 9 of its levels.

You collected 220 gold pieces.

Inventory:

Hand Weapons
 a - a +1 trident (weapon)
Armour
 c - a +0 shield (worn)
 i - +0 pearl dragon scales
 s - the +7 chain mail "Fure" (worn) {rC+}
   (You found it on level 4 of the Dungeon)

   It protects you from cold.
 w - a +1 large shield
Magical Staves
 l - a cursed staff of fire {unknown}
Jewellery
 e - an uncursed ring of magical power
 n - a ring of protection from cold (right hand)
 z - an amulet of regeneration (around neck)
 E - a ring of see invisible (left hand)
 N - the ring of Bockyno {+Blink rC++ Str+3 Dex-2 SInv, unknown}
   (You found it on level 8 of the Dungeon)

   [ring of see invisible]

   It affects your strength (+3).
   It affects your dexterity (-2).
   It greatly protects you from cold.
   It lets you see invisible.
   It lets you blink.
Wands
 d - a wand of disintegration (24/24)
 x - a wand of flame (8/48)
 y - a wand of polymorph (12/24)
 F - a wand of iceblast (7/15)
Scrolls
 g - 2 scrolls of noise
 k - 3 scrolls of magic mapping
 m - 4 scrolls of identify
 p - 3 scrolls of recharging
 q - 3 scrolls of teleportation
 v - a scroll of blinking
 B - a scroll of fear
 G - 2 scrolls of enchant armour
 J - 2 scrolls of immolation {unknown}
 K - a scroll of remove curse
 M - a scroll of vulnerability {unknown}
Potions
 b - 2 potions of flight {unknown}
 j - 7 potions of curing
 o - 2 potions of resistance {unknown}
 t - a potion of magic {unknown}
 u - a potion of berserk rage {unknown}
 A - a potion of ambrosia
 C - 2 potions of brilliance
 D - 3 potions of agility {unknown}
 H - a potion of lignification {unknown}
 I - 2 potions of degeneration {unknown}
 L - a potion of haste {unknown}
Comestibles
 f - 11 bread rations
 h - 2 meat rations
 r - 8 royal jellies
 O - 10 chunks of flesh


   Skills:
 + Level 9.2(14.2) Fighting
 + Level 7.8(12.8) Polearms
 + Level 8.1(13.1) Armour
 + Level 8.1(13.1) Shields
 + Level 0.6 Invocations
 + Level 5.9 Evocations


You had 9 spell levels left.
You didn't know any spells.

Dungeon Overview and Level Annotations

Branches:
Dungeon (8/15)             Temple (1/1) D:7
   Lair: D:8-11

Altars:
Elyvilon
Fedhas
Gozag
Hepliaklqana
Kikubaaqudgha
Makhleb
Nemelex Xobeh
Okawaru
Uskayaw
Vehumet
Yredelemnul
The Shining One

Shops:
D:7 (%   D:8 %%[=

Annotations:
D:4 exclusion: oklob plant
D:8 Mitsuki's ghost, journeyman HOFi


Innate Abilities, Weirdness & Mutations

You are partially covered in rugged brown scales. (AC +1, +3% HP)
You are clumsy. (Dex -2)
You passively map a small area around you.


Message History

You hit Mitsuki's ghost but do no damage.
Mitsuki's ghost is severely damaged.
You block Mitsuki's ghost's attack.
You hit Mitsuki's ghost but do no damage.
Mitsuki's ghost is severely damaged.
Mitsuki's ghost hits you but does no damage.
You hit Mitsuki's ghost but do no damage.
Mitsuki's ghost is severely damaged.
Mitsuki's ghost hits you!
You hit Mitsuki's ghost.
Mitsuki's ghost is severely damaged.
Mitsuki's ghost hits you.
* * * LOW HITPOINT WARNING * * *
You gain the combat prowess of a mighty hero.
You can no longer gain great but temporary skills.
Mitsuki's ghost hits you!!
* * * LOW HITPOINT WARNING * * *
You are confused.
You feel invigorated. Mitsuki's ghost hits you!
You die...

, , * , * ##
**, ** ** ,
,..## , , ,
.#. ,# * #
.., ,*.#
####.#. ,#.#
,
,.......###!.
, , #W#.#
#@.##.# **
#.....# ,,
*#.##### *
#.# #.# #.#
###.###
#.....#
#.#.#รท#


You could see Mitsuki's ghost.

Vanquished Creatures
  A two-headed ogre (D:7)
  The ghost of Dommiel19 the Chopper, a novice FoAK of Lugonu (D:7)
  Pikel (D:5)
  Prince Ribbit (D:7)
  A yak (D:7)
  A human (D:7)
  4 hogs (D:7)
  Menkaure (D:2)
  An ice beast (D:6)
  3 sky beasts
  3 ogres
  2 phantoms
  A necrophage (D:6)
  2 centaurs (D:6)
  2 bullfrogs
  A scorpion (D:6)
  A water moccasin skeleton (D:7)
  A howler monkey (D:4)
  A crimson imp (D:7)
  2 bullfrog zombies
  A centaur skeleton (D:6)
  2 orc priests
  2 hounds
  4 orc wizards
  Ijyb (D:3)
  An iguana (D:5)
  4 worker ants
  A hound skeleton (D:7)
  A mummy (D:2)
  6 adders
  An ooze (D:4)
  3 worms
  A dart slug (D:3)
  4 leopard geckos
  10 orcs
  A bat skeleton (D:2)
  6 giant cockroaches
  3 goblins
  6 hobgoblins
  10 jackals
  7 kobolds
  4 quokkas
  3 bats
  2 frilled lizards
  A leopard gecko skeleton (D:6)
  3 quokka skeletons
  2 rats
121 creatures vanquished.

Vanquished Creatures (others)
  An orc warrior (D:7)
  An orc priest (D:7)
  An orc (D:7)
  16 toadstools (D:4)
19 creatures vanquished.

Grand Total: 140 creatures vanquished

Notes
Turn   | Place    | Note
-------+----------+-------------------------------------------
     0 | D:1      | Mitsuki the Hill Orc Fighter began the quest for the Orb.
     0 | D:1      | Reached XP level 1. HP: 19/19 MP: 1/1
   605 | D:1      | Reached XP level 2. HP: 27/27 MP: 2/2
   882 | D:2      | Found a transporter.
  1001 | D:2      | Reached skill level 4 in Fighting
  1045 | D:2      | Found a transporter.
  1046 | D:2      | Found an ancient bone altar of Kikubaaqudgha.
  1046 | D:2      | Found a basalt altar of Yredelemnul.
  1048 | D:2      | Noticed Menkaure
  1555 | D:3      | Reached XP level 3. HP: 24/33 MP: 3/3
  1864 | D:3      | Reached XP level 4. HP: 12/41 MP: 4/4
  2299 | D:3      | Noticed Ijyb
  2299 | D:3      | Noticed a phantom
  2339 | D:3      | Killed Ijyb
  2357 | D:3      | Killed a phantom
  2357 | D:3      | Reached skill level 5 in Fighting
  2357 | D:3      | Reached XP level 5. HP: 18/48 MP: 5/5
  2958 | D:3      | Reached XP level 6. HP: 55/56 MP: 6/6
  3428 | D:4      | Got a fine chain mail
  3787 | D:4      | Reached skill level 1 in Evocations
  3842 | D:4      | Found a blossoming altar of Fedhas.
  3852 | D:4      | Noticed an oklob plant
  3919 | D:4      | Identified the +7 chain mail "Fure" {rC+} (You found it on level 4 of the Dungeon)
  3970 | D:5      | Entered Level 5 of the Dungeon
  4065 | D:5      | Reached XP level 7. HP: 38/62 MP: 7/7
  4221 | D:5      | Found an opulent altar of Gozag.
  4221 | D:5      | Found a glowing golden altar of the Shining One.
  4290 | D:5      | Found a sparkling altar of Nemelex Xobeh.
  4342 | D:5      | Reached skill level 5 in Armour
  4358 | D:5      | Noticed Pikel
  4381 | D:5      | Killed Pikel
  4381 | D:5      | Reached skill level 6 in Fighting
  4381 | D:5      | Reached skill level 5 in Polearms
  4381 | D:5      | Reached skill level 5 in Shields
  4381 | D:5      | Reached XP level 8. HP: 11/71 MP: 8/10
  4909 | D:6      | Found a hide-covered altar of Uskayaw.
  5068 | D:6      | Reached skill level 7 in Fighting
  5074 | D:6      | Gained mutation: You are partially covered in rugged brown scales. (AC +1, +3% HP) [mutagenic meat]
  5390 | D:7      | Found Jisenon's Weapon Emporium.
  5390 | D:7      | Noticed a yak
  5399 | D:7      | Killed a yak
  5399 | D:7      | Reached XP level 9. HP: 64/81 MP: 10/12
  5452 | D:7      | Found Sinaduus's Food Emporium.
  5614 | D:7      | Gained mutation: You passively map a small area around you. [mutagenic meat]
  5615 | D:7      | Gained mutation: You are clumsy. (Dex -2) [mutagenic meat]
  5700 | D:7      | Reached skill level 8 in Fighting
  5717 | D:7      | HP: 1/83 [hog (10)]
  5734 | D:7      | HP: 4/83 [hog (6)]
  5911 | D:7      | Noticed Prince Ribbit
  5916 | D:7      | Killed Prince Ribbit
  5916 | D:7      | Reached skill level 5 in Evocations
  5920 | D:7      | Noticed a two-headed ogre
  5923 | D:7      | Noticed Dommiel19's ghost (novice FoAK)
  6042 | D:7      | Killed a two-headed ogre
  6042 | D:7      | Reached XP level 10. HP: 92/92 MP: 12/14
  6102 | D:7      | Found a staircase to the Ecumenical Temple.
  6111 | Temple   | Entered the Ecumenical Temple
  6124 | Temple   | Became a worshipper of Warmaster Okawaru
  6288 | D:7      | Killed Dommiel19's ghost
  6288 | D:7      | Reached * piety under Okawaru
  6288 | D:7      | Reached skill level 9 in Fighting
  6531 | D:2      | Killed Menkaure
  6940 | D:8      | Found Doxkuac's Jewellery Shop.
  7052 | D:8      | Found Gobluq's Food Shoppe.
  7055 | D:8      | Found Xyixt's Food Boutique.
  7109 | D:8      | Found Kupliann's Antique Armour Emporium.
  7128 | D:8      | Got a scorched golden ring
  7318 | D:8      | Noticed Mitsuki's ghost (journeyman HOFi)
  7382 | D:8      | Slain by Mitsuki's ghost

Skill      XL: |  1  2  3  4  5  6  7  8  9 10 |
---------------+-------------------------------+-----
Fighting       | 4 5 6 7 8 9 |  9.2
Polearms       | 3 4 5 6 7 |  7.8
Armour         | 4 5 6 7 8 |  8.1
Shields        | 4 5 6 7 8 |  8.1
Evocations     | 1 3 4 5 |  5.9
Invocations    | |  0.6

Action                   |  1- 3 |  4- 6 |  7- 9 | 10-12 || total
-------------------------+-------+-------+-------+-------++-------
Melee: Trident           |   120 |   198 |   323 |   167 ||   808
Invok: Heroism           |       |       |       |     3 ||     3
  Use: Potion            |       |     3 |     2 |     2 ||     7
       Scroll            |       |    11 |     3 |     1 ||    15
  Eat: Chunk             |     3 |     7 |    11 |     1 ||    22
       Meat ration       |       |       |       |     1 ||     1
Armor: Scale mail        |    45 |    38 |       |       ||    83
       Pearl dragon scal |       |    25 |       |       ||    25
       Chain mail        |       |     7 |   179 |    31 ||   217
Dodge: Dodged            |    34 |    27 |    52 |    20 ||   133
Block: Shield            |    59 |    44 |   111 |    59 ||   273
       Large shield      |       |    61 |   103 |       ||   164
